 Dungeon Crawl Stone Soup version 0.28-a0-773-g130ae17fe5 (webtiles) character file.

Game seed: 3070401179321128270

7 cheechan the Skirmisher (level 2, -1/28 HPs)
             Began as a Naga Monk on Nov 1, 2021.
             Slain by a kobold (3 damage)
             ... on level 1 of the Dungeon.
             The game lasted 00:00:33 (142 turns).

cheechan the Skirmisher (Naga Monk)                  Turns: 142, Time: 00:00:33

Health: -1/28      AC:  1    Str: 13    XL:     2   Next: 4%
Magic:  2/2        EV: 10    Int: 10    God:
Gold:   8          SH:  0    Dex: 13    Spells: 1/1 levels left

rFire   . . .      SeeInvis +   a - +0 falchion
rCold   . . .      Faith    .   (no shield)
rNeg    . . .      Spirit   .   b - +0 robe
rPois   +          Reflect  .   (no helmet)
rElec   .          Harm     .   (no cloak)
rCorr   .          Rampage  .   (no gloves)
Will    .....                   (no barding)
Stlth   ++........              (no amulet)
HPRegen 0.09/turn               (no ring)
MPRegen 0.08/turn               (no ring)

@: short of breath, very slow
A: AC +0, large, see invisible, deformed body, poison resistance, slowness 2,
spit poison 1, naga tail 1
a: Spit Poison


You were on level 1 of the Dungeon.
You visited 1 branch of the dungeon, and saw 1 of its levels.

You collected 8 gold pieces.

Inventory:

Hand Weapons
 a - a +0 falchion (weapon)
Armour
 b - a +0 robe (worn)
Scrolls
 c - a scroll of identify {unknown}
 d - a scroll of summoning {unknown}


   Skills:
 + Level 3.2 Fighting
 + Level 3.1 Long Blades
 + Level 2.6 Dodging
 + Level 3.0 Stealth


You had one spell level left.
You didn't know any spells.
Your spell library was empty.

Dungeon Overview and Level Annotations

Branches:
Dungeon (1/15)

Altars:


Innate Abilities, Weirdness & Mutations

Your serpentine skin is tough. (AC +0)
You have supernaturally acute eyesight. (SInv)
Armour fits poorly on your strangely shaped body.
Your system is resistant to poisons. (rPois)
You cover ground very slowly.
You can spit poison.
You have a snake-like lower body.


Message History

The ball python hisses angrily.
The hobgoblin shouts!
You hit the rat but do no damage. The rat bites you.
You hit the rat.
You kill the rat!
The hobgoblin hits you.
You hit the hobgoblin.
The hobgoblin is moderately wounded.
A quokka comes into view.
The hobgoblin hits you.
You hit the hobgoblin.
You kill the hobgoblin!
You hit the giant cockroach but do no damage.
The giant cockroach bites you. The ball python bites you.
The kobold hits you with a +0 dagger.
You hit the giant cockroach.
You kill the giant cockroach!
The ball python barely misses you. The kobold closely misses you.
You have reached level 2!
Abil: Spit Poison
Press: ? - help, Q - select action Shift-Dir - straight line, f - ball python
Aim: a ball python The splash of poison hits the ball python!
You kill the ball python!
The kobold hits you with a +0 dagger.
* * * LOW HITPOINT WARNING * * *
You hit the kobold.
The kobold is moderately wounded.
The kobold barely misses you. The quokka barely misses you.
You closely miss the kobold.
The kobold is moderately wounded.
The quokka closely misses you. The kobold hits you with a +0 dagger.
* * * LOW HITPOINT WARNING * * *
You hit the kobold but do no damage.
The kobold is moderately wounded.
The quokka bites you.
* * * LOW HITPOINT WARNING * * *
The kobold closely misses you. The quokka bites you.
* * * LOW HITPOINT WARNING * * *
You barely miss the quokka. The kobold hits you with a +0 dagger.
You die...

#.....# #.# ..#
##.♣.♣.###### #.##..
...♣.♣......# #....
.♣♣8.8♣♣....###..#
.......)....'.#..#
.♣♣8.8♣♣....#....#
...♣.♣......####.#
##.♣.♣.#########.##.#
#.....# #..r@...#
#.....# ......K†...#
#.....# ...........#
#.....# ...........#
...........#
...##.##...# ##. ..
...# # .._ ..##


You could see a quokka and a kobold.

Vanquished Creatures
  A giant cockroach (D:1)
  2 goblins (D:1)
  A hobgoblin (D:1)
  A ball python (D:1)
  A kobold (D:1)
  A rat (D:1)
7 creatures vanquished.

Notes
Turn   | Place    | Note
-------+----------+-------------------------------------------
     0 | D:1      | cheechan the Naga Monk began the quest for the Orb.
     0 | D:1      | Reached XP level 1. HP: 21/21 MP: 1/1
   130 | D:1      | Found a faded altar of an unknown god.
   138 | D:1      | Reached XP level 2. HP: 10/28 MP: 2/2
   142 | D:1      | Slain by a kobold

Illustrated notes

Levels and vault maps discovered:
D:1:      dpeg_arrival_boxorama, layout_loops_ring,
          ebering_ecumenical_altar_box, kennysheep_minor_cross

Action                   || total
-------------------------++-------
Melee: Falchion          ||    16
 Abil: Spit Poison       ||     2
Dodge: Dodged            ||     9

Table legend: (Time is in decaauts)
 A = Elapsed time spent in this place.
 B = Non-inter-level travel time spent in this place.
 C = Inter-level travel time spent in this place.
 D = Time resting spent in this place.
 E = Time spent auto-exploring this place.
 F = Levels seen in this place.
 G = Mean time per level.
                   A        B        C        D        E       F      G
               +--------+--------+--------+--------+--------+-----+--------+
         Total |    192 |    192 |      0 |      0 |      0 |   1 |  192.0 |
       Dungeon |    192 |    192 |      0 |      0 |      0 |   1 |  192.0 |
               +--------+--------+--------+--------+--------+-----+--------+

Top non-repeatable levels by time:
     D:1: 192 daAuts
